 Dungeon Crawl Stone Soup version 0.20-a0-433-g9e36e56 (webtiles) character file.

58 Kriby the Magician (level 3, 0/24 HPs)
             Began as a Mummy Fire Elementalist on Jan 4, 2017.
             Slain by an adder (3 damage)
             ... on level 2 of the Dungeon.
             The game lasted 00:01:18 (2024 turns).

Kriby the Magician (Mummy Fire Elementalist)        Turns: 2024, Time: 00:01:18

Health: 0/24       AC:  2    Str: 11    XL:     3   Next: 75%
Magic:  1/7        EV: 12    Int: 15    God:
Gold:   64         SH:  0    Dex: 12    Spells: 7/8 levels left

rFire  x . .     SeeInvis .     g - +0 spear
rCold  + . .     Gourm    .     a - +0 robe
rNeg   + + +     Faith    .     (no shield)
rPois  ∞         Spirit   .     (no helmet)
rElec  .         Reflect  .     (no cloak)
rCorr  .         Harm     .     (no gloves)
MR     .....                    (no boots)
Stlth  ++........               (no amulet)
                                (no ring)
                                (no ring)

@: very slightly contaminated
A: no food or potions, fire vulnerability, cold resistance 1, negative energy
resistance 3, torment resistance, unbreathing
a: no special abilities


You were on level 2 of the Dungeon.
You were not hungry.

You visited 1 branch of the dungeon, and saw 2 of its levels.

You collected 64 gold pieces.

Inventory:

Hand Weapons
 g - a +0 spear (weapon)
Missiles
 f - 6 tomahawks (quivered)
Armour
 a - a +0 robe (worn)
Jewellery
 h - an uncursed ring of see invisible {unknown}
Scrolls
 c - 3 scrolls of magic mapping {unknown}
 d - a scroll of random uselessness {unknown}
 e - 2 scrolls of identify {unknown}
 i - a scroll of blinking {unknown}
 j - a scroll of teleportation {unknown}
Books
 b - a book of Flames

   Spells                             Type                      Level
   a - Flame Tongue                   Conjuration/Fire             1
   b - Throw Flame                    Conjuration/Fire             2
   c - Conjure Flame                  Conjuration/Fire             3
   d - Inner Flame                    Hexes/Fire                   3
   e - Sticky Flame                   Conjuration/Fire             4
   f - Fireball                       Conjuration/Fire             5


   Skills:
 - Level 1.5 Dodging
 - Level 1.5 Stealth
 + Level 3.4 Spellcasting
 * Level 2.1 Conjurations
 + Level 2.9 Fire Magic


You had 7 spell levels left.
You knew the following spells:

 Your Spells              Type           Power        Failure   Level  Hunger
a - Flame Tongue          Conj/Fire      ##...        10%         1    N/A

Dungeon Overview and Level Annotations

Branches:
Dungeon (2/15)

Altars:


Innate Abilities, Weirdness & Mutations

You do not eat or drink.
Your flesh is vulnerable to fire.
You are immune to poison.
Your flesh is cold resistant. (rC+)
You are immune to negative energy. (rN+++)
You are immune to unholy pain and torment.
You can survive without breathing.


Message History

Aim: an adder The flame tongue misses the adder.
The adder completely misses you. The adder bites you.
* * * LOW HITPOINT WARNING * * *
The adder bites you.
* * * LOW HITPOINT WARNING * * *
Casting: Flame Tongue
Confirm with . or Enter, or press ? or * to list all spells.
You don't have enough magic to cast that spell.
There are monsters nearby!
The adder barely misses you.
Casting: Flame Tongue
Confirm with . or Enter, or press ? or * to list all spells.
You don't have enough magic to cast that spell.
The adder bites you.
* * * LOW HITPOINT WARNING * * *
The adder bites you.
* * * LOW HITPOINT WARNING * * *
The adder bites you.
You die...

##.## #.#..). ##.#.##
##...... ##.###.##
#......# #####.##
##.###.##.#.. #....##
##.##.##.#.# #.###.##
##........#.#
#..###..###.#.....
#.#.#.#[# #.#.##.#
#.###@##..#.# #......#
#....SS####†#####.####
#.###..[.....# #..
#........#......
##.).............#
#...........#....
#..........###..#
.........#...#.
.##.......##.#.


You could see 2 adders.

Vanquished Creatures
  3 adders (D:2)
  An ooze (D:2)
  2 dart slugs (D:1)
  An orc (D:2)
  A giant cockroach (D:2)
  A goblin (D:2)
  A quokka (D:2)
  7 bats
  2 frilled lizards (D:2)
  3 kobolds
  4 rats
26 creatures vanquished.

Notes
Turn   | Place    | Note
-------+----------+-------------------------------------------
     0 | D:1      | Kriby the Mummy Fire Elementalist began the quest for the Orb.
     0 | D:1      | Reached XP level 1. HP: 13/13 MP: 4/4
   466 | D:1      | Reached skill level 1 in Conjurations
   662 | D:1      | Reached XP level 2. HP: 19/19 MP: 1/5
  1053 | D:2      | Reached skill level 3 in Spellcasting
  1155 | D:2      | Reached XP level 3. HP: 18/24 MP: 0/7
  2024 | D:2      | Slain by an adder

Vault maps used:
D:1:      lemuel_arrival_lava_pool

Skill      XL: |  1  2  3 |
---------------+----------+-----
Conjurations   | 1 2 |  2.1
Spellcasting   | 3 |  3.4
Dodging        | |  1.5
Stealth        | |  1.5
Fire Magic     | |  2.9

Action                   || total
-------------------------++-------
Melee: Unarmed           ||    10
Throw: Tomahawk          ||     2
 Cast: Flame Tongue      ||    61
Armor: Robe              ||    10
Dodge: Dodged            ||    47
